AoeStats
← 殺手小賴

Arena

504269494Analyzed
4v4 RM · 28d ago on Sep 4, 2026· 15m 33s· 8 players
Game mode
Random Map
Map size
Large (8 player)
Population
200
Speed
Normal
Resources
Standard
Victory
Conquest
Starting age
Dark Age
Ending age
Imperial Age
RankedLock teamsTeams togetherTeam positionsShared explorationLock speedFull tech treeHidden civsTurbo modeCheats
Victory
Defeat
🇹🇼 Poles · Taiwan
1146
+12
🇨🇳 Hindustanis · China
1020
+18
🇹🇼 Burgundians · Taiwan
993
+19
🇹🇼 Turks · Taiwan
992
+18
🇷🇺 Franks · Russia
1111
-19
🇲🇽 Bohemians · Mexico
1080
-18
🇹🇷 Mapuche · Türkiye
1035
-16
🇫🇷 Khmer · France
991
-14
TURTLE KING
10:36 Feudal Age
15:07 Castle Age
殺手小賴
9:37 Loom
12:10 Feudal Age
17:08 Castle Age
15:40 Double-Bit Axe
15:40 Horse Collar
MaChi
2:34 Loom
9:19 Feudal Age
9:51 Feudal Age
10:48 Horse Collar
10:58 Double-Bit Axe
xnbhdx
5:33 Double-Bit Axe
7:08 Horse Collar
12:11 Feudal Age
13:53 Bow Saw
15:01 Wheelbarrow
15:01 Heavy Plow
Cuauhpilli
11:48 Feudal Age
10:18 Loom
15:18 Castle Age
13:14 Double-Bit Axe
Dostoyevski
0:45 Loom
11:35 Feudal Age
15:35 Town Watch
Harkonnen
2:04 Loom
2:35 Loom
2:54 Loom
10:59 Feudal Age
aigle mortel
9:26 Feudal Age
8:33 Loom
12:35 Castle Age
Connection lost

Rejoining the realm…

Still unreachable

The connection could not be restored.

Session expired

The server has moved on; the page needs a fresh start.